 Dungeon Crawl Stone Soup version 0.29-a0-397-g846e4a0bbc (webtiles) character file.

Game seed: 18395030150488063752

2123 hquester the Sneak (level 9, -20/43 HPs)
             Began as a Spriggan Conjurer on May 10, 2022.
             Killed from afar by a gargoyle (30 damage)
             ... with a stone arrow
             ... on level 6 of the Dungeon on May 11, 2022.
             The game lasted 01:02:58 (8653 turns).

hquester the Sneak (Spriggan Conjurer)              Turns: 8653, Time: 01:02:58

Health: -20/43     AC:  3    Str:  9    XL:     9   Next: 8%
Magic:  20/20      EV: 19    Int: 23    God:
Gold:   336        SH:  0    Dex: 14    Spells: 19/22 levels left

rFire   + . .      SeeInvis +   q - +2 rapier (holy)
rCold   . . .      Faith    .   (no shield)
rNeg    . . .      Spirit   .   a - +1 robe
rPois   .          Reflect  .   (helmet restricted)
rElec   .          Harm     .   (no cloak)
rCorr   .          Rampage  .   (gloves unavailable)
Will    +....                   (boots unavailable)
Stlth   +++.......              (no amulet)
HPRegen 0.14/turn               n - +6 ring of strength
MPRegen 0.17/turn               x - ring of protection from fire

@: very quick
A: very small, no large weapons, unfitting armour, see invisible, speed 3
a: no special abilities


You were on level 6 of the Dungeon.
You visited 1 branch of the dungeon, and saw 6 of its levels.
You also visited: Sewer.

You collected 336 gold pieces.

Inventory:

Hand Weapons
 d - a +6 scimitar
 q - a +2 rapier of holy wrath (weapon)
 t - a +2 dagger of venom
 y - a +0 vorpal flail
 B - a +1 spear of venom
Missiles
 f - 7 boomerangs (quivered)
 h - 87 stones
Armour
 a - a +1 robe (worn)
Magical Staves
 g - a staff of poison
 l - a staff of conjuration
Jewellery
 n - a +6 ring of strength (left hand)
 x - a ring of protection from fire (right hand)
Scrolls
 j - 3 scrolls of immolation
 k - 2 scrolls of blinking
 o - a scroll of fear
 u - 3 scrolls of teleportation
Potions
 b - 4 potions of magic
 c - a potion of berserk rage {unknown}
 e - 3 potions of might {unknown}
 i - a potion of brilliance {unknown}
 m - 6 potions of haste
 p - 4 potions of attraction
 r - 4 potions of curing {unknown}
 s - 2 potions of invisibility {unknown}
 w - 2 potions of heal wounds {unknown}


   Skills:
 + Level 2.4 Fighting
 + Level 6.5 Short Blades
 + Level 0.4 Axes
 + Level 0.4 Staves
 + Level 5.5 Dodging
 + Level 7.1 Stealth
 + Level 7.1 Spellcasting
 + Level 5.1 Conjurations


You had 19 spell levels left.
You knew the following spells:

 Your Spells              Type           Power      Damage    Failure   Level
a - Magic Dart            Conj           100%       1d8       1%          1
b - Searing Ray           Conj           62%        2d6       1%          2

Your spell library contained the following spells:

 Spells                   Type           Power      Damage    Failure   Level
 Apportation              Tloc           16%        N/A       8%          1
 Dazzling Flash           Conj/Hex       40%        N/A       8%          3
 Ozocubu's Armour         Ice            8%         N/A       22%         3
 Fulminant Prism          Conj/Hex       10%        3d9       26%         4
 Iskenderun's Mystic Bla  Conj/Tloc      20%        2d6       26%         4
 Alistair's Intoxication  Tmut/Pois      5%         N/A       91%         5
 Ozocubu's Refrigeration  Ice            4%         4d5       100%        7


Dungeon Overview and Level Annotations

Branches:
Dungeon (6/15)              Sewer (visited)
 Temple: D:4-7

Altars:
Dithmenos
Elyvilon

Shops:
D:5 :


Innate Abilities, Weirdness & Mutations

You are very small and have problems with some larger weapons.
You are too small for most types of armour.
You have supernaturally acute eyesight. (SInv)
You cover ground extremely quickly. (Speed+++)


Message History

Casting: Searing Ray (safe; 1% risk of failure)
Confirm with . or Enter, or press ? or * to list all spells.
You can't see any susceptible monsters within range! (Use Z to cast anyway.)
You swap places.
The gargoyle hits your sky beast with a +0 mace.
Something barely misses your sky beast.
Your sky beast hits the gargoyle but does no damage.
The gargoyle closely misses your sky beast.
Your sky beast hits the gargoyle but does no damage.
The gargoyle closely misses your sky beast.
Your sky beast hits the gargoyle.
Your sky beast shocks the gargoyle.
The gargoyle resists.
You swap places.
You swap places.
Your sky beast hits the gargoyle but does no damage.
The gargoyle hurls a stone arrow at you.
The stone arrow misses you.
Your sky beast flickers out of sight for a moment.
Your sky beast hits the gargoyle but does no damage.
You swap places.
You swap places.
Your sky beast hits the gargoyle but does no damage.
Your ufetubus barely misses the gargoyle. x2
Your howler monkey hits the gargoyle.
The gargoyle hits your ufetubus with a +0 mace!
Your ufetubus hits the gargoyle but does no damage. x2
Your howler monkey barely misses the gargoyle.
Your ufetubus barely misses the gargoyle.
Your ufetubus completely misses the gargoyle.
The gargoyle closely misses your sky beast.
The gargoyle barely misses your howler monkey.
Your howler monkey closely misses the gargoyle.
The gargoyle hits your howler monkey with a +0 mace!
Your howler monkey barely misses the gargoyle.
Your howler monkey hits the gargoyle but does no damage.
The gargoyle hurls a stone arrow at you.
The stone arrow misses your howler monkey.
The stone arrow hits you!!
Ouch! That really hurt!
You die...

###### ..9..# ##################
####.#########..........(.....###
#....9......9#.###########....
##############.hY.# #####
...........# #.#.##
##########.###.#ยง# #############
# #........#@####............ #
#.##.#####.#....<....###### #
#.##.# #........###.##....
#.##.####.........##.##.###
#.##..............##.##.#
#.#######.....#.#.#...#.# # #.#
#.........>#.#.[# # #.#
##.#.#..........# # #.#
###.#......>#.#.## #


You could see a gargoyle (ally target), a friendly sky beast (summoned) and a
friendly howler monkey (summoned).

Vanquished Creatures
  Pikel (D:6)
  A black bear (D:6)
  An ice beast (D:4)
  2 ogres (D:5)
  A centaur (D:6)
  4 lemures
  A phantom (D:5)
  A kobold brigand (D:6)
  3 necrophages
  2 scorpions
  3 wights (D:6)
  A howler monkey (D:6)
  A gnoll shaman (D:5)
  A hound (D:4)
  5 iguanas
  2 orc wizards (D:5)
  6 gnolls
  10 adders
  7 river rats (Sewer)
  A white imp (D:6)
  An ufetubus (D:5)
  6 worms
  3 dart slugs
  6 orcs
  10 endoplasms
  4 giant cockroaches
  4 goblins
  7 hobgoblins
  6 jackals
  5 quokkas
  7 ball pythons
  3 bats (D:1)
  6 frilled lizards
  28 kobolds
  16 rats
166 creatures vanquished.

Notes
Turn   | Place    | Note
-------+----------+-------------------------------------------
     0 | D:1      | hquester the Spriggan Conjurer began the quest for the Orb.
     0 | D:1      | Reached XP level 1. HP: 9/9 MP: 5/5
   544 | D:1      | Reached XP level 2. HP: 10/13 MP: 1/6
   710 | D:1      | Found a faded altar of an unknown god.
  1532 | D:2      | Reached XP level 3. HP: 16/16 MP: 2/8
  1672 | D:2      | Found a white marble altar of Elyvilon.
  2628 | D:3      | Reached XP level 4. HP: 20/21 MP: 3/9
  2759 | D:3      | Noticed a necrophage
  2889 | D:3      | Killed a necrophage
  2890 | D:3      | Reached XP level 5. HP: 24/24 MP: 1/11
  4150 | D:4      | Found a shadowy altar of Dithmenos.
  4214 | D:4      | Noticed an ice beast
  4296 | D:4      | Reached XP level 6. HP: 28/28 MP: 8/14
  4368 | D:4      | Found a glowing drain.
  4376 | Sewer    | Entered a sewer
  4808 | Sewer    | Reached skill level 5 in Spellcasting
  5344 | D:4      | Upgraded the game from 0.29-a0-393-g47a863cc1b to
                  | 0.29-a0-397-g846e4a0bbc
  5609 | D:4      | Killed an ice beast
  5610 | D:4      | Reached skill level 1 in Fighting
  5610 | D:4      | Reached skill level 1 in Short Blades
  5610 | D:4      | Reached skill level 5 in Stealth
  5908 | D:5      | Entered Level 5 of the Dungeon
  5976 | D:5      | Reached XP level 7. HP: 31/33 MP: 14/16
  5990 | D:5      | Found Ediod's Book Shoppe.
  6173 | D:5      | Learned a level 2 spell: Searing Ray
  6962 | D:6      | Noticed Pikel
  7132 | D:6      | Reached XP level 8. HP: 15/38 MP: 11/18
  7440 | D:6      | Reached skill level 5 in Short Blades
  7776 | D:6      | Reached skill level 5 in Dodging
  7921 | D:6      | Killed Pikel
  7922 | D:6      | Reached skill level 5 in Conjurations
  7922 | D:6      | Reached XP level 9. HP: 18/43 MP: 14/20
  8600 | D:6      | Noticed a gargoyle
  8653 | D:6      | Killed from afar by a gargoyle

Illustrated notes

Levels and vault maps discovered:
D:1:      wander_arrival_desolate, layout_loops_corners,
          shapermc_ecumenical_altar_totnotflames, skrybe_limestone_x
D:2:      layout_loops_ring, basic_altar, nicolae_elevator_lobby_asterisk
D:3:      layout_basic
D:4:      layout_rooms, nicolae_dithmenos_through_a_glass_darkly,
          cheibrodos_sewer_entry_bend
D:5:      layout_cave_pools, lemuel_mausoleum_altar_kikubaaqudgha,
          minmay_overflow_temple_star_quad, serial_shops, shop
D:6:      layout_loops_ring, hangedman_decor_diamond_cutter, uniq_pikel

Skill      XL: |  1  2  3  4  5  6  7  8 |
---------------+-------------------------+-----
Conjurations   | 3 4 5 |  5.1
Spellcasting   | 3 4 5 6 7 |  7.1
Dodging        | 3 4 5 |  5.5
Stealth        | 4 5 7 |  7.1
Fighting       | 1 2 |  2.4
Short Blades   | 1 4 6 |  6.5
Axes           | |  0.4
Staves         | |  0.4

Action                   |  1- 3 |  4- 6 |  7- 9 || total
-------------------------+-------+-------+-------++-------
Melee: Hand axe          |     4 |       |       ||     4
       Staff             |    20 |    10 |       ||    30
       Rapier            |       |    81 |    58 ||   139
       Punch             |       |       |     2 ||     2
 Cast: Magic Dart        |    74 |   162 |    23 ||   259
       Searing Ray       |       |       |    42 ||    42
  Use: Scroll            |       |     3 |     9 ||    12
 Stab: Sleeping          |     2 |     3 |     3 ||     8
Armor: Robe              |     1 |     7 |     2 ||    10
Dodge: Dodged            |    23 |    77 |    48 ||   148

Table legend: (Time is in decaauts)
 A = Elapsed time spent in this place.
 B = Non-inter-level travel time spent in this place.
 C = Inter-level travel time spent in this place.
 D = Time resting spent in this place.
 E = Time spent auto-exploring this place.
 F = Levels seen in this place.
 G = Mean time per level.
                   A        B        C        D        E       F      G
               +--------+--------+--------+--------+--------+-----+--------+
         Total |   6674 |   6674 |      0 |    902 |   3420 |   7 |  953.4 |
       Dungeon |   5843 |   5843 |      0 |    443 |   3420 |   6 |  973.8 |
         Sewer |    830 |    830 |      0 |    459 |      0 |   1 |  830.0 |
               +--------+--------+--------+--------+--------+-----+--------+

Top non-repeatable levels by time:
     D:6: 1340 daAuts
     D:3: 1116 daAuts
     D:1: 896 daAuts
     D:5: 875 daAuts
     D:2: 836 daAuts
   Sewer: 830 daAuts
     D:4: 778 daAuts
